 Dungeon Sprint DCSS version 0.24.0-125-gc4c63601f3 (webtiles) character file.

Game seed: 14323511743096841884, levelgen mode: deterministic

7906 Ponchio the Eclecticist (level 11, -5/54 HPs)
             Began as a Deep Elf Earth Elementalist on Feb 29, 2020.
             Killed from afar by a golden dragon (26 damage)
             ... with a blast of poison
             ... in the Dungeon (Sprint II: "The Violet Keep of Menkaure").
             The game lasted 00:13:05 (2055 turns).

Ponchio the Eclecticist (DEEE)                      Turns: 2055, Time: 00:13:07

Health: -5/54      AC:  2    Str:  3    XL:     11   Next: 2%
Magic:  18/36      EV: 22    Int: 22    God:
Gold:   915        SH:  0    Dex: 15    Spells: 33/48 levels left

rFire    . . .     SeeInvis .   (no weapon)
rCold    . . .     Gourm    .   (no shield)
rNeg     . . .     Faith    .   c - +0 robe
rPois    .         Spirit   .   (no helmet)
rElec    .         Reflect  .   (no cloak)
rCorr    .         Harm     .   (no gloves)
MR       +....     NoTele   +   (no boots)
Stlth    ++........             (no amulet)
HPRegen  0.00/turn              (no ring)
MPRegen  0.25/turn              (no ring)

@: lethally poisoned (-5 -> -18), flying
A: dopey 1, inhibited regeneration, weak 1
a: no special abilities


You were in the Dungeon.
You were not hungry.

You visited 1 branch You collected 1215 gold pieces.
You spent 300 gold pieces at shops.

Inventory:

Missiles
 b - 22 stones (quivered)
Armour
 c - a +0 robe (worn)
Jewellery
 a - an uncursed amulet of harm
Scrolls
 k - a scroll of identify {unknown}
Potions
 d - 2 potions of flight
 e - a potion of curing
 h - a potion of magic
 i - a potion of berserk rage


   Skills:
 - Level 13.8 Dodging
 - Level 2.4 Stealth
 + Level 19.1 Spellcasting
 - Level 1.1 Transmutations
 + Level 18.8 Earth Magic


You had 33 spell levels left.
You knew the following spells:

 Your Spells              Type           Power        Failure   Level  Hunger
a - Sandblast             Erth           ######       0%          1    None
b - Passwall              Tmut/Erth      ######..     1%          2    None
c - Stone Arrow           Conj/Erth      ######       1%          3    None
d - Petrify               Tmut/Erth      ######..     1%          4    None
e - Lee's Rapid Deconstr  Erth           #######...   1%          5    None

Your spell library contained the following spells:

 Spells                   Type           Power        Failure   Level  Hunger
 Confusing Touch          Hex            ###...       2%          1    None
 Confuse                  Hex            ###.....     7%          3    None
 Gell's Gravitas          Tloc           ###.......   7%          3    None
 Yara's Violent Unravell  Hex/Tmut       ###.......   45%         5    None
 Metabolic Englaciation   Hex/Ice        ###.......   54%         5    None


Dungeon Overview and Level Annotations

Branches:
Dungeon (1/1)

Altars:
Dithmenos
Elyvilon
Fedhas
Gozag
Kikubaaqudgha
Makhleb
Nemelex Xobeh
Okawaru
Sif Muna
Trog
Uskayaw
Vehumet
Yredelemnul
Zin
Jiyva
Lugonu

Shops:
D :[(=!(%}:?!(=[*[(*%=

Annotations:
D exclusion: oklob plant


Innate Abilities, Weirdness & Mutations

You are dopey. (Int -2)
You do not regenerate when monsters are visible.
You are weak. (Str -2)


Message History

Confirm with . or Enter, or press ? or * to list all spells.
Aiming: Sandblast (safe; 0% risk of failure)
Press: ? - help, Shift-Dir - straight line
Okay, then.
You feel much better. The golden dragon bites you!
The golden dragon misses you. The golden dragon closely misses you.
Magic courses through your body. The golden dragon misses you.
The golden dragon claws you! The golden dragon barely misses you.
Casting: Sandblast (safe; 0% risk of failure)
Confirm with . or Enter, or press ? or * to list all spells.
Aiming: Lee's Rapid Deconstruction (safe; 1% risk of failure)
Press: ? - help, Dir - move target cursor A stone wall.
The wall shatters!
The blast of rock fragments hits the golden dragon but does no damage.
The golden dragon is heavily wounded.
The golden dragon breathes poison at you.
The blast of poison engulfs you!!
You are poisoned.
You die...

######### #∩∩.∩∩§@+
#######D#
#+##..####§####
#..'.##§≈≈§§≈≈##
#..###§§§§§§≈≈≈##
####..'≈≈§≈§§§§≈≈≈#
#...####§§≈≈§§§≈≈##
......≈##§§≈§§§≈##
##########≈≈#§§§#§§'##


You could see a golden dragon.

Vanquished Creatures
  Kirke (D)
  A yaktaur captain (D)
  A centaur warrior (D)
  A skeletal warrior (D)
  2 unseen horrors (D)
  An orange crystal statue (D)
  An elephant (D)
  A merfolk siren (D)
  A yaktaur (D)
  3 polar bears (D)
  A hornet (D)
  4 neqoxecs (D)
  A swamp drake (D)
  5 necrophages (D)
  9 electric eels (D)
  An iron imp (D)
  A hell rat (D)
  3 worms (D)
38 creatures vanquished.

Vanquished Creatures (others)
  A kobold demonologist (D)
  Menkaure (D)
  A crocodile (D)
3 creatures vanquished.

Grand Total: 41 creatures vanquished

Notes
Turn   | Place    | Note
-------+----------+-------------------------------------------
     0 | D        | Ponchio the Deep Elf Earth Elementalist began the quest for
                  | the Orb.
     0 | D        | Reached XP level 1. HP: 10/10 MP: 6/6
     1 | D        | Noticed a merfolk siren
     8 | D        | Killed a merfolk siren
     8 | D        | Reached skill level 10 in Spellcasting
     8 | D        | Reached XP level 2. HP: 15/15 MP: 0/15
     8 | D        | Reached XP level 3. HP: 19/19 MP: 0/16
     8 | D        | Reached XP level 4. HP: 24/24 MP: 0/18
     8 | D        | Reached XP level 5. HP: 28/28 MP: 0/19
     8 | D        | Reached XP level 6. HP: 32/32 MP: 0/21
    12 | D        | Learned a level 2 spell: Passwall
    16 | D        | Learned a level 3 spell: Stone Arrow
    21 | D        | Learned a level 4 spell: Petrify
    27 | D        | Learned a level 5 spell: Lee's Rapid Deconstruction
   241 | D        | Reached skill level 11 in Spellcasting
   242 | D        | Reached skill level 12 in Spellcasting
   242 | D        | Reached XP level 7. HP: 36/36 MP: 11/24
   243 | D        | Reached skill level 13 in Spellcasting
   343 | D        | Noticed a neqoxec
   343 | D        | Noticed a neqoxec
   344 | D        | Gained mutation: You are dopey. (Int -2) [a neqoxec]
   345 | D        | Killed a neqoxec
   345 | D        | Killed a neqoxec
   345 | D        | Reached skill level 14 in Spellcasting
   345 | D        | Gained mutation: You are weak. (Str -2) [a neqoxec]
   346 | D        | Killed a neqoxec
   346 | D        | Reached XP level 8. HP: 41/41 MP: 10/28
   474 | D        | Noticed an orange crystal statue
   481 | D        | Killed an orange crystal statue
   481 | D        | Reached skill level 15 in Spellcasting
   481 | D        | Reached skill level 15 in Earth Magic
   587 | D        | Found Tacof's General Store.
   589 | D        | Found Pidghi Ochea's Jewellery Shoppe.
   591 | D        | Found Harashess's Magic Scroll Shoppe.
   591 | D        | Found Cexzotwe's Book Emporium.
   591 | D        | Found Erriumoe's Gadget Shoppe.
   592 | D        | Found Vykk's Antique Weapon Emporium.
   592 | D        | Found Ruysmuur's Distillery.
   684 | D        | Killed Menkaure
   749 | D        | Found Remit's Weapon Shoppe.
   749 | D        | Found Qiojic's Jewellery Emporium.
   750 | D        | Found Qaozyub's Antique Weapon Shoppe.
   750 | D        | Found Jisefaly's Antique Armour Emporium.
   751 | D        | Found Pariugre's Antique Armour Shoppe.
   751 | D        | Found Veh Sykhot's Food Emporium.
   751 | D        | Noticed a great orb of eyes
   752 | D        | Found Usexac's Antique Armour Shoppe.
   752 | D        | Found Seyn Vieqo's Distillery.
   754 | D        | Noticed an oklob plant
   755 | D        | Found Hosesch's Book Shoppe.
   761 | D        | Noticed an iron elemental
   786 | D        | Bought an uncursed amulet of harm for 300 gold pieces
   850 | D        | Gained mutation: You do not regenerate when monsters are
                  | visible. [a neqoxec]
   851 | D        | Reached skill level 5 in Dodging
   926 | D        | Killed a kobold demonologist
   941 | D        | Noticed a skeletal warrior
   943 | D        | Noticed Kirke
   947 | D        | Killed Kirke
   947 | D        | Reached XP level 9. HP: 45/45 MP: 1/30
  1066 | D        | Noticed a yaktaur captain
  1069 | D        | Killed a yaktaur captain
  1069 | D        | Reached skill level 16 in Spellcasting
  1069 | D        | Reached XP level 10. HP: 40/50 MP: 13/32
  1149 | D        | Noticed an elephant
  1153 | D        | Killed an elephant
  1156 | D        | Noticed a centaur warrior
  1158 | D        | Killed a centaur warrior
  1158 | D        | Reached skill level 17 in Spellcasting
  1317 | D        | Killed an unseen horror
  1433 | D        | Killed an unseen horror
  1433 | D        | Reached skill level 18 in Spellcasting
  1553 | D        | Found an iron altar of Okawaru.
  1553 | D        | Found a radiant altar of Vehumet.
  1556 | D        | Killed a skeletal warrior
  1784 | D        | Found a glowing silver altar of Zin.
  1871 | D        | Found a sparkling altar of Nemelex Xobeh.
  1871 | D        | Found a hide-covered altar of Uskayaw.
  1873 | D        | Found an opulent altar of Gozag.
  1873 | D        | Found a burning altar of Makhleb.
  1873 | D        | Found a bloodstained altar of Trog.
  1874 | D        | Found a basalt altar of Yredelemnul.
  1875 | D        | Found a blossoming altar of Fedhas.
  1875 | D        | Found a corrupted altar of Lugonu.
  1875 | D        | Found a shimmering blue altar of Sif Muna.
  1877 | D        | Found a white marble altar of Elyvilon.
  1877 | D        | Found an ancient bone altar of Kikubaaqudgha.
  1879 | D        | Reached skill level 19 in Spellcasting
  1880 | D        | Reached XP level 11. HP: 54/54 MP: 19/36
  1881 | D        | Found a shadowy altar of Dithmenos.
  1881 | D        | Found a viscous altar of Jiyva.
  1881 | D        | Noticed a death drake
  1881 | D        | Noticed a crystal guardian
  2045 | D        | Found Pait's Jewellery Boutique.
  2045 | D        | Found Lipril's Food Shoppe.
  2045 | D        | Found Mywko's Assorted Antiques.
  2045 | D        | Found Roxzosk's Weapon Boutique.
  2045 | D        | Noticed a golden dragon
  2055 | D        | Killed from afar by a golden dragon

Levels and vault maps discovered:
D:        the_violet_keep_of_menkaure [sprint2_stairs_cluster_1,
          sprint2_shoproom, sprint2_temple, sprint2_basic_supplies,
          sprint2_obstacle_4, sprint2_obstacle_5, sprint2_obstacle_7,
          sprint2_obstacle_3, sprint2_obstacle_6, sprint2_timed_cluster_1,
          sprint2_smallroom_cluster_1, sprint2_smallroom_final_cluster_1,
          sprint2_transparent_cluster_1, sprint2_second_timed_cluster_1,
          sprint2_sniper_area_1, sprint2_heavy_combat_area_1,
          sprint2_mutation_trap_area_1, sprint2_forest_area_1,
          sprint2_light_combat_area_1, sprint2_behind_water_1,
          sprint2_near_end_vault_1]

Skill      XL: |  1  2  3  4  5  6  7  8  9 10 |
---------------+-------------------------------+-----
Spellcasting   | 10 12 14 15 16 19 | 19.1
Earth Magic    | 11 13 14 15 16 18 | 18.8
Dodging        | 13 | 13.8
Stealth        | |  2.4
Transmutations | |  1.1

Action                   |  1- 3 |  4- 6 |  7- 9 | 10-12 || total
-------------------------+-------+-------+-------+-------++-------
 Cast: Sandblast         |     5 |     1 |     2 |       ||     8
       Lee's Rapid Decon |       |     4 |    23 |    37 ||    64
  Use: Potion            |     1 |       |       |     3 ||     4
       Scroll            |       |       |       |     1 ||     1
  Eat: Ration            |       |       |     1 |       ||     1
       Chunk             |       |       |       |     3 ||     3
Armor: Robe              |       |       |     1 |     1 ||     2
Dodge: Dodged            |       |       |     5 |    14 ||    19
